 Dungeon Crawl Stone Soup version 0.20.1-1-g8b1a95d (webtiles) character file.

15 manon the Skirmisher (level 2, 0/36 HPs)
             Began as a Demonspawn Fighter on Sept 6, 2017.
             Succumbed to an adder's poison
             ... on level 2 of the Dungeon.
             The game lasted 00:02:10 (712 turns).

manon the Skirmisher (Demonspawn Fighter)            Turns: 712, Time: 00:02:11

Health: 0/36       AC: 21    Str: 13 (16) XL:     2   Next: 34%
Magic:  2/2        EV:  2    Int:  8 (9)  God:
Gold:   93         SH:  8    Dex:  9 (12) Spells: 1/1 levels left

rFire    . . .     SeeInvis .   a - +0 long sword
rCold    . . .     Gourm    .   c - +0 shield
rNeg     + + +     Faith    .   (armour currently unavailable)
rPois    +         Spirit   .   (helmet currently unavailable)
rElec    .         Reflect  .   (cloak currently unavailable)
rCorr    .         Harm     .   (gloves currently unavailable)
MR       .....     NoTele   +   (boots currently unavailable)
Stlth    +.........             (no amulet)
Regen    0.2/turn               (no ring)
MPRegen  0.1/turn               (no ring)

@: lethally poisoned (0 -> -14), tree-form
A: no striking features
a: no special abilities


You were on level 2 of the Dungeon.
You were not hungry.
You were a tree.
You visited 1 branch of the dungeon, and saw 2 of its levels.

You collected 93 gold pieces.

Inventory:

Hand Weapons
 a - a +0 long sword (weapon)
 h - a +2 hunting sling of flaming
Missiles
 m - 21 bolts
 r - 16 sling bullets
 t - 5 exploding tomahawks (quivered)
Armour
 b - a +0 scale mail (melded)
 c - a +0 shield (worn)
Jewellery
 q - an uncursed amulet of rage {unknown}
Wands
 u - a wand of disintegration (17/24)
Scrolls
 e - 4 scrolls of identify {unknown}
 i - 2 scrolls of enchant weapon {unknown}
 k - a scroll of immolation {unknown}
 n - a scroll of enchant armour {unknown}
 o - 3 scrolls of recharging {unknown}
 p - 2 scrolls of remove curse {unknown}
 s - 2 scrolls of teleportation {unknown}
 w - a scroll of amnesia {unknown}
Potions
 d - a potion of might
Comestibles
 f - 2 bread rations
 g - a meat ration
 j - a royal jelly


   Skills:
 - Level 3.0 Fighting
 * Level 2.2 Long Blades
 - Level 2.6 Armour
 + Level 1.1 Dodging
 - Level 2.6 Shields


You had one spell level left.
You didn't know any spells.

Dungeon Overview and Level Annotations

Branches:
Dungeon (2/15)

Altars:


Innate Abilities, Weirdness & Mutations

((You are partially covered in molten scales. (AC +2)))


Message History

The adder is severely wounded.
* * * LOW HITPOINT WARNING * * *
You feel sick. The adder bites you but does no damage.
You block the adder's attack.
Unknown command.
You barely miss the adder.
The adder is severely wounded.
* * * LOW HITPOINT WARNING * * *
You feel sick. You block the adder's attack.
You barely miss the adder.
The adder is severely wounded.
* * * LOW HITPOINT WARNING * * *
You feel sick. The adder bites you.
* * * LOW HITPOINT WARNING * * *
You are more poisoned.
The adder poisons you! The adder bites you but does no damage.
It was a potion of lignification.
You turn into a tree.
Your +0 scale mail melds into your body.
Your roots penetrate the ground.
You die...

............# #.# #.#
#######.†#######.# #.#
.........#####...# #.#
...........##..### #.#
.............>## #.#
...........###########.#
........................
............##.......#.#
######♣#########.......
.....[S.............##.#
#####..##########.......
...# #..####.. ....
##.## ##.# #.### #..#
#..# #. ######.#####.##
. ...........##.##
#####..###..#.##


You could see an adder.

Vanquished Creatures
  A worm (D:2)
  A dart slug (D:1)
  2 hobgoblins (D:1)
  A bat (D:2)
  2 frilled lizards
  2 goblins
  A kobold (D:1)
  2 rats
12 creatures vanquished.

Notes
Turn   | Place    | Note
-------+----------+-------------------------------------------
     0 | D:1      | manon the Demonspawn Fighter began the quest for the Orb.
     0 | D:1      | Reached XP level 1. HP: 18/18 MP: 1/1
   460 | D:1      | Reached skill level 1 in Dodging
   460 | D:1      | Gained mutation: You are partially covered in molten scales. (AC +2) [demonic ancestry]
   460 | D:1      | Reached XP level 2. HP: 24/24 MP: 2/2
   711 | D:2      | HP: 1/24 [adder (4)]
   712 | D:2      | Succumbed to an adder's poison

Skill      XL: |  1 |
---------------+----+-----
Long Blades    | 2 |  2.2
Dodging        | 1 |  1.1
Fighting       | |  3.0
Armour         | |  2.6
Shields        | |  2.6

Action                   || total
-------------------------++-------
Melee: Long sword        ||    44
  Use: Potion            ||     2
Armor: Scale mail        ||    16
Dodge: Dodged            ||    10
Block: Shield            ||    21
       Rpst.: Long sword ||     4
